[ AOE2 MATCH · #475480533 ]
UnrankedItalians vs Italians
[ REPLAY ANALYSIS · EXTRACTED FROM THE RECORDED GAME ]
Feudal
15:02
Castle
26:50
Imperial
38:53
| APM avg | 32.5 |
| APM peak | 66 |
| eAPM avg | 18.4 |
| Villagers / military | 141 / 207 |
Focus
⚔️ 36.8% · 🌾 63.2%
Genoese Crossbowman ×130 · Skirmisher ×60 · Fishing Ship ×17 · Bombard Cannon ×7 · Trebuchet (Packed) ×4 · Archer ×2
Feudal
16:50
Castle
23:03
Imperial
46:52
| APM avg | 11.3 |
| APM peak | 35 |
| eAPM avg | 9.2 |
| Villagers / military | 60 / 190 |
Focus
⚔️ 37.5% · 🌾 62.5%
Genoese Crossbowman ×84 · Trade Cog ×35 · Fishing Ship ×35 · Unknown (882) ×34 · Skirmisher ×28 · Knight ×21
Feudal
13:20
Castle
17:21
Imperial
34:02
| APM avg | 47.0 |
| APM peak | 94 |
| eAPM avg | 25.8 |
| Villagers / military | 196 / 407 |
Focus
⚔️ 23.6% · 🌾 76.4%
Archer ×244 · Knight ×154 · Trade Cog ×19 · Fishing Ship ×19 · Demolition Raft ×6 · War Elephant ×3
Feudal
18:09
Castle
22:12
Imperial
35:49
| APM avg | 21.5 |
| APM peak | 75 |
| eAPM avg | 14.3 |
| Villagers / military | 117 / 349 |
Focus
⚔️ 42.7% · 🌾 57.3%
Knight ×197 · Cavalry Archer ×130 · Trade Cog ×46 · Fishing Ship ×36 · Trebuchet (Packed) ×15 · Unknown (1795) ×10
Feudal
16:01
Castle
22:12
Imperial
38:10
| APM avg | 23.8 |
| APM peak | 43 |
| eAPM avg | 13.6 |
| Villagers / military | 119 / 280 |
Focus
⚔️ 49.9% · 🌾 50.1%
Mangudai ×138 · Skirmisher ×76 · Battering Ram ×51 · Fishing Ship ×37 · Scorpion ×12 · Trade Cog ×7
Feudal
18:47
Castle
35:32
Imperial
51:41
| APM avg | 18.6 |
| APM peak | 47 |
| eAPM avg | 8.9 |
| Villagers / military | 70 / 78 |
Focus
⚔️ 20.5% · 🌾 79.5%
Fishing Ship ×47 · Conquistador ×20 · Scout Cavalry ×20 · Knight ×18 · Spearman ×10 · Trade Cog ×9
Match map
Initial resources + every placement click. Lines = walls · curves = elevation contours. ◆ gold · ⬟ stone · ● berries · ✦ relic · ◌ wall gap
Your base· Open — 3t gap
mgusman54's base· Open — unwalled flank
Mateusz's base· Open — 14t gap
joshaugusta6's base· Open — unwalled flank
CL.CuatreroDelAGE's base· Open — unwalled flank
GronkisBeast's base· Open — 6t gap
Smoothed initial terrain · ◌ = detected wall gap · hover for details
Inputs per minute
— CL.Capitán Haddock - - mgusman54
Build order — CL.Capitán Haddock
First 150 of 572 actions detected
| 0:05 | Build | House |
| 0:38 | Build | Dock |
| 0:44 | Build | Palisade Wall |
| 0:55 | Build | Town Center |
| 3:31 | Create | Villager (Male) |
| 3:32 | Create | Villager (Male) |
| 3:33 | Research | Loom |
| 3:33 | Create | Villager (Male) |
| 3:34 | Create | Villager (Male) |
| 3:34 | Create | Villager (Male) |
| 3:59 | Research | Loom |
| 4:02 | Create | Villager (Male) |
| 4:03 | Create | Villager (Male) |
| 4:03 | Create | Villager (Male) |
| 4:15 | Build | House |
| 5:16 | Create | Villager (Male) |
| 5:17 | Create | Villager (Male) |
| 6:01 | Create | Villager (Male) |
| 6:30 | Create | Villager (Male) |
| 6:30 | Create | Villager (Male) |
| 6:48 | Build | House |
| 6:56 | Create | Villager (Male) |
| 6:56 | Create | Villager (Male) |
| 7:15 | Create | Villager (Male) |
| 7:52 | Create | Villager (Male) |
| 7:52 | Create | Villager (Male) |
| 8:24 | Create | Fishing Ship |
| 8:40 | Create | Villager (Male) |
| 8:41 | Create | Villager (Male) |
| 8:41 | Create | Villager (Male) |
| 8:57 | Create | Villager (Male) |
| 8:57 | Create | Villager (Male) |
| 9:08 | Build | House |
| 9:14 | Create | Fishing Ship |
| 9:14 | Create | Fishing Ship |
| 9:23 | Create | Villager (Male) |
| 9:23 | Create | Villager (Male) |
| 9:24 | Create | Villager (Male) |
| 9:32 | Create | Villager (Male) |
| 9:33 | Create | Villager (Male) |
| 9:33 | Create | Villager (Male) |
| 9:58 | Build | House |
| 10:01 | Build | House |
| 10:03 | Build | Palisade Wall |
| 10:09 | Create | Fishing Ship |
| 10:10 | Create | Fishing Ship |
| 10:39 | Create | Villager (Male) |
| 10:39 | Create | Villager (Male) |
| 10:39 | Create | Villager (Male) |
| 10:46 | Create | Villager (Male) |
| 10:47 | Create | Villager (Male) |
| 10:47 | Create | Villager (Male) |
| 10:52 | Build | House |
| 10:54 | Build | House |
| 11:19 | Build | Lumber Camp |
| 11:31 | Build | Palisade Wall |
| 11:37 | Build | Palisade Wall |
| 12:22 | Create | Fishing Ship |
| 12:34 | Build | Palisade Wall |
| 12:45 | Build | Palisade Wall |
| 12:48 | Research | Feudal Age |
| 12:48 | Research | Feudal Age |
| 13:05 | Build | Building 800 |
| 13:31 | Build | Mining Camp |
| 13:35 | Build | House |
| 14:00 | Create | Fishing Ship |
| 14:01 | Create | Fishing Ship |
| 14:18 | Build | Palisade Wall |
| 14:22 | Build | Palisade Wall |
| 14:23 | Build | Palisade Wall |
| 14:23 | Build | Palisade Wall |
| 14:51 | Build | Mining Camp |
| 14:57 | Create | Villager (Male) |
| 14:57 | Create | Villager (Male) |
| 15:02 | Age | Feudal Age |
| 15:06 | Build | House |
| 15:13 | Build | Watch Tower |
| 15:25 | Research | Double-Bit Axe |
| 15:26 | Create | Villager (Male) |
| 15:26 | Create | Villager (Male) |
| 15:27 | Create | Villager (Male) |
| 15:27 | Create | Villager (Male) |
| 15:28 | Create | Villager (Male) |
| 15:41 | Build | Palisade Wall |
| 16:30 | Build | Watch Tower |
| 16:32 | Build | House |
| 16:45 | Create | Villager (Male) |
| 16:46 | Create | Villager (Male) |
| 16:53 | Build | Dock |
| 16:57 | Create | Fishing Ship |
| 16:58 | Create | Fishing Ship |
| 17:26 | Build | Watch Tower |
| 17:53 | Build | Stone Wall |
| 17:57 | Build | House |
| 18:01 | Create | Villager (Male) |
| 18:02 | Create | Villager (Male) |
| 18:28 | Create | Fishing Ship |
| 18:28 | Create | Fishing Ship |
| 18:29 | Create | Fishing Ship |
| 18:29 | Create | Fishing Ship |
| 18:40 | Build | Watch Tower |
| 18:42 | Build | Stone Wall |
| 18:45 | Build | Stone Wall |
| 18:47 | Build | Stone Wall |
| 18:49 | Build | Stone Wall |
| 18:52 | Build | Stone Wall |
| 18:56 | Build | Stone Wall |
| 18:59 | Build | Stone Wall |
| 19:02 | Create | Villager (Male) |
| 19:02 | Create | Villager (Male) |
| 19:34 | Build | Blacksmith |
| 19:57 | Build | Watch Tower |
| 20:00 | Build | House |
| 20:03 | Build | House |
| 20:07 | Build | House |
| 20:12 | Build | Stone Wall |
| 20:19 | Create | Fishing Ship |
| 20:27 | Build | Dock |
| 21:10 | Build | Stone Wall |
| 21:16 | Build | Stone Wall |
| 21:21 | Build | Stone Wall |
| 21:23 | Build | Stone Wall |
| 21:34 | Build | House |
| 22:08 | Build | Mining Camp |
| 22:16 | Build | Mill |
| 22:20 | Create | Demolition Raft |
| 22:21 | Create | Demolition Raft |
| 22:24 | Create | Fishing Ship |
| 22:24 | Create | Fishing Ship |
| 22:52 | Build | House |
| 22:58 | Create | Villager (Male) |
| 23:05 | Build | Market |
| 23:36 | Build | Barracks |
| 23:54 | Build | Building 804 |
| 24:10 | Research | Castle Age |
| 24:10 | Research | Castle Age |
| 24:10 | Research | Castle Age |
| 24:15 | Build | Mining Camp |
| 24:32 | Create | Spearman |
| 24:32 | Create | Spearman |
| 24:34 | Build | Archery Range |
| 24:41 | Build | Lumber Camp |
| 24:44 | Build | Lumber Camp |
| 25:09 | Research | Horse Collar |
| 25:28 | Build | Farm |
| 25:29 | Build | Farm |
| 25:30 | Build | Farm |
| 25:31 | Build | Farm |
| 25:37 | Create | Villager (Male) |
| 25:37 | Create | Villager (Male) |
Build order — mgusman54
First 150 of 359 actions detected
| 2:44 | Build | Town Center |
| 4:10 | Build | House |
| 4:12 | Build | House |
| 4:27 | Create | Villager (Male) |
| 4:27 | Create | Villager (Male) |
| 4:27 | Create | Villager (Male) |
| 4:28 | Create | Villager (Male) |
| 4:28 | Create | Villager (Male) |
| 5:05 | Research | Loom |
| 5:32 | Create | Villager (Male) |
| 6:17 | Create | Villager (Male) |
| 6:57 | Build | Dock |
| 7:06 | Create | Villager (Male) |
| 7:32 | Create | Villager (Male) |
| 7:32 | Create | Villager (Male) |
| 8:03 | Create | Villager (Male) |
| 8:06 | Create | Fishing Ship |
| 8:20 | Build | House |
| 8:31 | Create | Villager (Male) |
| 8:49 | Create | Villager (Male) |
| 9:08 | Create | Fishing Ship |
| 9:32 | Build | House |
| 9:43 | Create | Villager (Male) |
| 9:43 | Create | Villager (Male) |
| 9:43 | Create | Villager (Male) |
| 9:47 | Create | Fishing Ship |
| 10:04 | Create | Villager (Male) |
| 10:24 | Create | Fishing Ship |
| 10:56 | Build | Lumber Camp |
| 11:04 | Create | Villager (Male) |
| 11:05 | Create | Villager (Male) |
| 11:05 | Create | Villager (Male) |
| 11:09 | Create | Villager (Male) |
| 11:20 | Build | House |
| 11:28 | Create | Fishing Ship |
| 11:57 | Create | Fishing Ship |
| 12:06 | Build | House |
| 12:16 | Create | Villager (Male) |
| 12:24 | Create | Villager (Male) |
| 12:27 | Create | Fishing Ship |
| 13:01 | Build | Dock |
| 13:08 | Build | House |
| 13:18 | Create | Villager (Male) |
| 13:33 | Create | Fishing Ship |
| 13:39 | Create | Fishing Ship |
| 13:49 | Create | Villager (Male) |
| 13:50 | Create | Villager (Male) |
| 14:01 | Create | Fishing Ship |
| 14:05 | Create | Fishing Ship |
| 14:25 | Build | House |
| 14:27 | Build | House |
| 14:37 | Create | Fishing Ship |
| 14:37 | Create | Fishing Ship |
| 14:40 | Research | Feudal Age |
| 15:01 | Build | Mining Camp |
| 15:35 | Create | Fishing Ship |
| 15:35 | Create | Fishing Ship |
| 15:47 | Create | Villager (Male) |
| 15:47 | Create | Villager (Male) |
| 16:19 | Build | House |
| 16:50 | Age | Feudal Age |
| 16:52 | Create | Unit 2626 |
| 16:53 | Create | Fire Galley |
| 16:55 | Create | Unit 2626 |
| 17:06 | Create | Fire Galley |
| 17:10 | Research | Tech 906 |
| 17:16 | Create | Villager (Male) |
| 17:21 | Research | Double-Bit Axe |
| 17:36 | Build | Barracks |
| 18:05 | Research | Wheelbarrow |
| 18:44 | Build | Stable |
| 19:11 | Create | Fishing Ship |
| 19:11 | Create | Fishing Ship |
| 19:17 | Create | Villager (Male) |
| 19:18 | Create | Villager (Male) |
| 19:25 | Create | Militia |
| 19:27 | Create | Militia |
| 19:36 | Build | Blacksmith |
| 20:05 | Build | House |
| 20:07 | Build | House |
| 20:09 | Build | House |
| 20:23 | Research | Castle Age |
| 20:29 | Research | Stone Mining |
| 20:31 | Research | Gold Mining |
| 20:35 | Create | Scout Cavalry |
| 20:50 | Build | Archery Range |
| 21:18 | Research | Forging |
| 21:35 | Research | Arson |
| 21:37 | Research | Man-at-Arms (upgrade) |
| 21:54 | Create | Archer |
| 21:54 | Create | Archer |
| 21:57 | Create | Archer |
| 21:58 | Create | Archer |
| 22:04 | Build | House |
| 22:26 | Build | House |
| 22:36 | Create | Fishing Ship |
| 22:36 | Create | Fishing Ship |
| 23:03 | Age | Castle Age |
| 23:25 | Build | Castle |
| 23:31 | Create | Villager (Male) |
| 23:31 | Create | Villager (Male) |
| 23:31 | Create | Villager (Male) |
| 23:48 | Build | Town Center |
| 23:56 | Research | Bow Saw |
| 24:03 | Research | War Galley (upgrade) |
| 24:42 | Build | House |
| 24:49 | Create | Villager (Male) |
| 24:50 | Create | Villager (Male) |
| 25:28 | Create | Villager (Male) |
| 25:28 | Create | Villager (Male) |
| 26:09 | Build | Dock |
| 26:16 | Build | Monastery |
| 26:25 | Research | Hand Cart |
| 26:25 | Create | Villager (Male) |
| 26:26 | Create | Villager (Male) |
| 26:26 | Create | Villager (Male) |
| 26:36 | Research | Stone Shaft Mining |
| 26:38 | Create | Genoese Crossbowman |
| 26:38 | Create | Genoese Crossbowman |
| 26:39 | Create | Genoese Crossbowman |
| 27:07 | Create | Monk |
| 27:15 | Build | University |
| 27:18 | Research | Gillnets |
| 27:24 | Create | Villager (Male) |
| 27:24 | Create | Villager (Male) |
| 27:24 | Create | Villager (Male) |
| 27:52 | Build | Mill |
| 28:02 | Create | Genoese Crossbowman |
| 28:03 | Create | Genoese Crossbowman |
| 28:15 | Build | Castle |
| 28:46 | Create | Genoese Crossbowman |
| 28:47 | Create | Genoese Crossbowman |
| 29:31 | Research | Padded Archer Armor |
| 29:35 | Create | Knight |
| 29:35 | Create | Knight |
| 29:39 | Create | Spearman |
| 29:39 | Create | Spearman |
| 30:04 | Create | Cavalry Archer |
| 30:05 | Create | Cavalry Archer |
| 30:10 | Create | Villager (Male) |
| 30:10 | Create | Villager (Male) |
| 30:10 | Create | Villager (Male) |
| 30:11 | Create | Villager (Male) |
| 30:23 | Research | Ballistics |
| 31:24 | Research | Silk Road |
| 31:28 | Create | Genoese Crossbowman |
| 31:28 | Create | Genoese Crossbowman |
| 31:29 | Create | Genoese Crossbowman |
| 31:34 | Create | Villager (Male) |
| 31:48 | Create | Fishing Ship |
Build order — Mateusz
First 150 of 590 actions detected
| 0:17 | Build | Town Center |
| 1:39 | Build | Dock |
| 1:44 | Build | House |
| 2:41 | Create | Villager (Male) |
| 2:41 | Create | Villager (Male) |
| 2:41 | Create | Villager (Male) |
| 2:46 | Create | Villager (Male) |
| 2:56 | Create | Fishing Ship |
| 3:12 | Create | Villager (Male) |
| 3:57 | Create | Fishing Ship |
| 4:32 | Create | Villager (Male) |
| 4:45 | Research | Loom |
| 4:49 | Build | House |
| 4:50 | Build | House |
| 4:52 | Build | House |
| 5:06 | Create | Villager (Male) |
| 5:06 | Create | Villager (Male) |
| 5:20 | Create | Villager (Male) |
| 5:21 | Create | Fishing Ship |
| 6:05 | Create | Fishing Ship |
| 6:05 | Create | Fishing Ship |
| 6:12 | Create | Villager (Male) |
| 6:12 | Create | Villager (Male) |
| 6:13 | Create | Villager (Male) |
| 6:46 | Create | Fishing Ship |
| 6:46 | Create | Fishing Ship |
| 7:10 | Create | Villager (Male) |
| 7:11 | Create | Villager (Male) |
| 7:41 | Create | Villager (Male) |
| 7:41 | Create | Villager (Male) |
| 7:45 | Create | Fishing Ship |
| 8:17 | Build | House |
| 8:31 | Create | Villager (Male) |
| 8:40 | Create | Fishing Ship |
| 8:51 | Create | Villager (Male) |
| 9:06 | Create | Villager (Male) |
| 9:31 | Create | Villager (Male) |
| 9:52 | Create | Villager (Male) |
| 10:42 | Create | Villager (Male) |
| 10:47 | Build | Lumber Camp |
| 11:17 | Research | Feudal Age |
| 11:17 | Research | Feudal Age |
| 11:17 | Research | Feudal Age |
| 11:26 | Create | Villager (Male) |
| 11:26 | Create | Villager (Male) |
| 11:30 | Build | House |
| 11:31 | Build | House |
| 11:33 | Build | House |
| 11:45 | Build | Mining Camp |
| 11:52 | Create | Villager (Male) |
| 12:44 | Build | Dock |
| 13:04 | Build | Mill |
| 13:20 | Age | Feudal Age |
| 13:36 | Create | Villager (Male) |
| 13:45 | Build | Blacksmith |
| 13:59 | Build | Market |
| 14:06 | Create | Villager (Male) |
| 14:55 | Research | Castle Age |
| 14:56 | Research | Castle Age |
| 14:56 | Research | Castle Age |
| 15:08 | Build | Palisade Wall |
| 15:17 | Build | Palisade Wall |
| 15:20 | Create | Villager (Male) |
| 15:21 | Create | Villager (Male) |
| 15:33 | Research | Double-Bit Axe |
| 15:34 | Research | Double-Bit Axe |
| 15:41 | Build | Barracks |
| 16:24 | Build | Stable |
| 16:28 | Research | Forging |
| 16:46 | Create | Villager (Male) |
| 16:49 | Build | Farm |
| 16:52 | Build | Farm |
| 16:56 | Research | Horse Collar |
| 16:56 | Research | Horse Collar |
| 16:56 | Research | Horse Collar |
| 17:15 | Create | Villager (Male) |
| 17:21 | Age | Castle Age |
| 17:30 | Create | Knight |
| 18:06 | Build | Mill |
| 18:14 | Build | Fish Trap |
| 18:20 | Create | Villager (Male) |
| 18:20 | Create | Villager (Male) |
| 18:23 | Create | Knight |
| 18:29 | Create | Knight |
| 18:39 | Build | Fish Trap |
| 18:51 | Build | Fish Trap |
| 18:56 | Create | Villager (Male) |
| 18:58 | Create | Villager (Male) |
| 19:13 | Build | Fish Trap |
| 19:26 | Create | Villager (Male) |
| 19:45 | Build | Fish Trap |
| 19:49 | Build | Fish Trap |
| 20:10 | Build | House |
| 20:11 | Build | House |
| 20:12 | Build | House |
| 20:19 | Create | Villager (Male) |
| 20:31 | Build | Fish Trap |
| 20:33 | Build | Fish Trap |
| 20:39 | Create | Villager (Male) |
| 20:40 | Create | Villager (Male) |
| 20:42 | Create | Knight |
| 20:49 | Create | Knight |
| 21:07 | Create | Fishing Ship |
| 21:07 | Create | Fishing Ship |
| 21:13 | Research | Tech 906 |
| 21:27 | Create | Villager (Male) |
| 21:27 | Create | Villager (Male) |
| 21:37 | Build | Farm |
| 21:40 | Create | Villager (Male) |
| 21:57 | Build | Fish Trap |
| 22:02 | Research | Gillnets |
| 22:17 | Research | Bloodlines |
| 22:17 | Research | Bloodlines |
| 22:17 | Research | Bloodlines |
| 22:31 | Build | Fish Trap |
| 22:34 | Create | Demolition Raft |
| 22:41 | Create | Villager (Male) |
| 22:42 | Create | Villager (Male) |
| 22:50 | Create | Villager (Male) |
| 23:17 | Create | Villager (Male) |
| 23:17 | Create | Villager (Male) |
| 23:33 | Build | Archery Range |
| 23:35 | Build | Archery Range |
| 23:42 | Build | House |
| 23:43 | Build | House |
| 23:44 | Build | House |
| 23:45 | Build | House |
| 23:46 | Build | House |
| 23:46 | Build | House |
| 23:48 | Build | House |
| 23:49 | Build | House |
| 23:51 | Build | House |
| 23:53 | Create | Villager (Male) |
| 23:53 | Create | Villager (Male) |
| 23:59 | Research | Scale Barding Armor |
| 24:18 | Create | Knight |
| 24:18 | Create | Knight |
| 24:32 | Research | Iron Casting |
| 25:15 | Build | Town Center |
| 25:23 | Create | Villager (Male) |
| 25:23 | Create | Villager (Male) |
| 25:27 | Research | Wheelbarrow |
| 25:28 | Create | Villager (Male) |
| 25:28 | Create | Villager (Male) |
| 25:36 | Create | Knight |
| 25:57 | Create | Fishing Ship |
| 25:57 | Create | Fishing Ship |
| 25:57 | Create | Fishing Ship |
| 25:57 | Create | Fishing Ship |
| 26:01 | Create | Villager (Male) |
Build order — joshaugusta6
First 150 of 384 actions detected
| 1:49 | Build | Town Center |
| 3:34 | Create | Villager (Male) |
| 3:35 | Create | Villager (Male) |
| 3:35 | Create | Villager (Male) |
| 3:35 | Create | Villager (Male) |
| 3:36 | Create | Villager (Male) |
| 5:06 | Create | Villager (Male) |
| 5:39 | Create | Villager (Male) |
| 6:04 | Create | Villager (Male) |
| 6:37 | Create | Villager (Male) |
| 7:10 | Create | Villager (Male) |
| 7:39 | Create | Villager (Male) |
| 7:39 | Create | Villager (Male) |
| 8:17 | Create | Villager (Male) |
| 8:17 | Create | Villager (Male) |
| 8:40 | Create | Villager (Male) |
| 8:40 | Create | Villager (Male) |
| 8:46 | Build | Dock |
| 8:58 | Create | Villager (Male) |
| 8:59 | Create | Villager (Male) |
| 9:30 | Create | Villager (Male) |
| 9:30 | Create | Villager (Male) |
| 9:32 | Create | Fishing Ship |
| 9:33 | Create | Fishing Ship |
| 9:57 | Create | Villager (Male) |
| 10:07 | Create | Fishing Ship |
| 10:14 | Build | Dock |
| 10:28 | Create | Villager (Male) |
| 10:28 | Create | Villager (Male) |
| 10:53 | Create | Villager (Male) |
| 10:53 | Create | Villager (Male) |
| 10:55 | Create | Fishing Ship |
| 10:57 | Create | Fishing Ship |
| 11:36 | Create | Villager (Male) |
| 11:36 | Create | Villager (Male) |
| 11:38 | Create | Fishing Ship |
| 11:38 | Create | Fishing Ship |
| 11:57 | Build | Dock |
| 12:00 | Create | Villager (Male) |
| 12:19 | Create | Villager (Male) |
| 12:22 | Create | Fishing Ship |
| 12:27 | Create | Fishing Ship |
| 12:34 | Create | Fishing Ship |
| 12:41 | Create | Villager (Male) |
| 12:41 | Create | Villager (Male) |
| 12:55 | Build | Lumber Camp |
| 13:03 | Create | Villager (Male) |
| 13:07 | Create | Fishing Ship |
| 13:07 | Create | Fishing Ship |
| 13:30 | Create | Villager (Male) |
| 13:34 | Create | Fishing Ship |
| 13:34 | Create | Fishing Ship |
| 14:07 | Build | Dock |
| 14:10 | Create | Villager (Male) |
| 14:10 | Create | Villager (Male) |
| 14:20 | Create | Fishing Ship |
| 14:38 | Build | Palisade Wall |
| 14:50 | Build | Palisade Wall |
| 14:54 | Create | Fishing Ship ×3 |
| 15:02 | Create | Fishing Ship |
| 15:03 | Create | Fishing Ship |
| 15:19 | Research | Loom |
| 15:27 | Create | Fishing Ship ×2 |
| 15:35 | Create | Fishing Ship |
| 15:35 | Create | Fishing Ship |
| 15:45 | Create | Fishing Ship |
| 15:45 | Create | Fishing Ship |
| 15:45 | Create | Fishing Ship |
| 15:59 | Research | Feudal Age |
| 15:59 | Research | Feudal Age |
| 16:01 | Create | Fishing Ship |
| 16:01 | Create | Fishing Ship |
| 16:15 | Create | Fishing Ship |
| 16:15 | Create | Fishing Ship |
| 16:15 | Create | Fishing Ship |
| 16:19 | Create | Fishing Ship |
| 16:19 | Create | Fishing Ship |
| 17:01 | Build | Mining Camp |
| 17:19 | Build | Barracks |
| 17:37 | Create | Fishing Ship |
| 17:37 | Create | Fishing Ship |
| 18:09 | Age | Feudal Age |
| 18:12 | Research | Tech 906 |
| 18:13 | Create | Villager (Male) |
| 18:14 | Create | Villager (Male) |
| 18:14 | Create | Villager (Male) |
| 18:19 | Build | Stable |
| 18:23 | Research | Double-Bit Axe |
| 18:27 | Research | Gold Mining |
| 18:59 | Build | Blacksmith |
| 19:06 | Create | Villager (Male) |
| 19:24 | Build | Stable |
| 19:32 | Research | Castle Age |
| 19:33 | Research | Castle Age |
| 19:42 | Create | Unit 2626 |
| 19:43 | Create | Unit 2626 |
| 19:43 | Create | Unit 2626 |
| 20:04 | Research | Bloodlines |
| 20:05 | Research | Bloodlines |
| 20:08 | Create | Scout Cavalry |
| 20:09 | Create | Scout Cavalry |
| 20:09 | Create | Scout Cavalry |
| 20:19 | Create | Unit 2626 |
| 20:19 | Create | Unit 2626 |
| 20:19 | Create | Unit 2626 |
| 20:41 | Create | Unit 2626 |
| 20:51 | Build | Lumber Camp |
| 21:02 | Research | Forging |
| 21:25 | Create | Fire Galley |
| 21:25 | Create | Fire Galley |
| 21:28 | Create | Galley |
| 21:28 | Create | Galley |
| 21:35 | Research | Wheelbarrow |
| 21:57 | Research | Stone Mining |
| 22:12 | Age | Castle Age |
| 22:15 | Build | Town Center |
| 22:35 | Build | Town Center |
| 22:38 | Create | Villager (Male) |
| 22:38 | Create | Villager (Male) |
| 22:38 | Create | Villager (Male) |
| 22:39 | Create | Villager (Male) |
| 22:39 | Create | Villager (Male) |
| 22:48 | Research | Bow Saw |
| 22:48 | Research | Bow Saw |
| 23:09 | Create | Knight |
| 23:09 | Create | Knight |
| 23:09 | Create | Knight |
| 23:10 | Create | Knight |
| 23:16 | Research | Scale Barding Armor |
| 23:37 | Create | Villager (Male) |
| 23:37 | Create | Villager (Male) |
| 23:47 | Create | Villager (Male) |
| 23:47 | Create | Villager (Male) |
| 23:47 | Create | Villager (Male) |
| 23:48 | Create | Villager (Male) |
| 23:53 | Research | Gillnets |
| 24:03 | Create | Villager (Male) |
| 24:03 | Create | Villager (Male) |
| 24:11 | Create | Villager (Male) |
| 24:19 | Research | Hand Cart |
| 24:20 | Create | Villager (Male) ×5 |
| 24:20 | Create | Villager (Male) ×5 |
| 24:37 | Create | Knight |
| 24:37 | Create | Knight |
| 24:37 | Create | Knight |
| 25:11 | Create | Trade Cog ×5 |
| 25:11 | Create | Trade Cog ×5 |
| 25:11 | Create | Trade Cog ×5 |
| 25:31 | Create | Villager (Male) |
| 25:31 | Create | Villager (Male) |
Build order — CL.CuatreroDelAGE
First 150 of 564 actions detected
| 1:08 | Build | Town Center |
| 2:47 | Build | House |
| 2:50 | Build | House |
| 3:57 | Create | Villager (Male) |
| 3:58 | Research | Loom |
| 4:00 | Create | Villager (Male) |
| 4:01 | Create | Villager (Male) |
| 4:01 | Create | Villager (Male) |
| 4:01 | Create | Villager (Male) |
| 5:38 | Build | Dock |
| 5:53 | Create | Villager (Male) |
| 5:53 | Create | Villager (Male) |
| 6:12 | Create | Villager (Male) |
| 6:12 | Create | Villager (Male) |
| 6:57 | Create | Villager (Male) |
| 6:57 | Create | Villager (Male) |
| 6:57 | Create | Villager (Male) |
| 7:20 | Create | Villager (Male) |
| 7:21 | Create | Villager (Male) |
| 7:36 | Create | Villager (Male) |
| 7:36 | Create | Villager (Male) |
| 7:59 | Create | Villager (Male) |
| 8:00 | Create | Villager (Male) |
| 8:20 | Create | Villager (Male) |
| 8:21 | Create | Villager (Male) |
| 8:37 | Build | House |
| 8:38 | Build | House |
| 8:47 | Create | Villager (Male) |
| 8:47 | Create | Villager (Male) |
| 8:59 | Create | Fishing Ship |
| 8:59 | Create | Fishing Ship |
| 8:59 | Create | Fishing Ship |
| 9:27 | Create | Villager (Male) |
| 9:27 | Create | Villager (Male) |
| 9:27 | Create | Villager (Male) |
| 9:39 | Create | Villager (Male) |
| 9:39 | Create | Villager (Male) |
| 10:19 | Create | Villager (Male) |
| 10:19 | Create | Villager (Male) |
| 10:23 | Create | Fishing Ship |
| 10:23 | Create | Fishing Ship |
| 10:23 | Create | Fishing Ship |
| 10:57 | Create | Villager (Male) |
| 10:57 | Create | Villager (Male) |
| 10:58 | Create | Villager (Male) |
| 11:13 | Create | Fishing Ship |
| 11:44 | Create | Villager (Male) |
| 11:44 | Create | Villager (Male) |
| 11:44 | Create | Villager (Male) |
| 12:00 | Build | House |
| 12:01 | Build | House |
| 12:03 | Build | House |
| 12:05 | Build | House |
| 12:08 | Build | House |
| 12:15 | Create | Villager (Male) |
| 12:15 | Create | Villager (Male) |
| 12:16 | Create | Villager (Male) |
| 12:16 | Create | Villager (Male) |
| 12:16 | Create | Villager (Male) |
| 12:22 | Create | Fishing Ship |
| 12:22 | Create | Fishing Ship |
| 12:40 | Create | Villager (Male) |
| 12:40 | Create | Villager (Male) |
| 12:53 | Build | Lumber Camp |
| 13:36 | Research | Feudal Age |
| 13:42 | Create | Fishing Ship |
| 13:43 | Create | Fishing Ship |
| 13:43 | Create | Fishing Ship |
| 14:39 | Build | House |
| 14:40 | Build | House |
| 14:41 | Build | House |
| 14:44 | Build | House |
| 14:47 | Build | House |
| 14:50 | Build | House |
| 14:52 | Build | House |
| 15:27 | Create | Fishing Ship |
| 15:28 | Create | Fishing Ship |
| 15:28 | Create | Fishing Ship |
| 16:01 | Age | Feudal Age |
| 16:12 | Build | Blacksmith |
| 16:19 | Research | Wheelbarrow |
| 16:20 | Create | Villager (Male) |
| 16:20 | Create | Villager (Male) |
| 16:21 | Create | Villager (Male) |
| 16:21 | Create | Villager (Male) |
| 16:21 | Create | Villager (Male) |
| 16:21 | Create | Villager (Male) |
| 16:22 | Create | Villager (Male) |
| 16:22 | Create | Villager (Male) |
| 16:22 | Create | Villager (Male) |
| 16:22 | Create | Villager (Male) |
| 17:25 | Build | Mill |
| 17:35 | Research | Double-Bit Axe |
| 17:47 | Build | Mining Camp |
| 18:14 | Build | Stone Wall |
| 18:27 | Build | Market |
| 19:05 | Research | Stone Mining |
| 19:06 | Research | Gold Mining |
| 19:32 | Research | Castle Age |
| 19:47 | Build | Dock |
| 20:12 | Build | Stone Wall |
| 20:45 | Build | Building 490 |
| 21:03 | Research | Tech 906 |
| 21:04 | Create | Fishing Ship |
| 21:04 | Create | Fishing Ship |
| 21:05 | Create | Fishing Ship |
| 21:05 | Create | Fishing Ship |
| 21:05 | Create | Fishing Ship |
| 21:05 | Create | Fishing Ship |
| 21:06 | Create | Fishing Ship |
| 21:21 | Build | Stone Wall |
| 21:51 | Build | Building 673 |
| 22:01 | Build | Stone Wall |
| 22:05 | Create | Fishing Ship |
| 22:06 | Create | Fishing Ship |
| 22:06 | Create | Fishing Ship |
| 22:06 | Create | Fishing Ship |
| 22:06 | Create | Fishing Ship |
| 22:12 | Age | Castle Age |
| 22:29 | Create | Villager (Male) |
| 22:29 | Create | Villager (Male) |
| 22:30 | Create | Villager (Male) |
| 22:30 | Create | Villager (Male) |
| 22:30 | Create | Villager (Male) |
| 22:30 | Create | Villager (Male) |
| 22:31 | Create | Villager (Male) |
| 22:31 | Create | Villager (Male) |
| 22:31 | Create | Villager (Male) |
| 22:32 | Create | Villager (Male) |
| 22:32 | Create | Villager (Male) |
| 23:34 | Build | Castle |
| 23:44 | Build | Town Center |
| 23:50 | Create | Villager (Male) |
| 23:50 | Create | Villager (Male) |
| 23:50 | Create | Villager (Male) |
| 23:51 | Create | Villager (Male) |
| 23:51 | Create | Villager (Male) |
| 24:06 | Build | House |
| 24:08 | Build | House |
| 24:09 | Build | House |
| 24:11 | Build | House |
| 24:15 | Build | House |
| 24:18 | Build | House |
| 24:20 | Build | House |
| 24:22 | Build | House |
| 24:49 | Build | Mill |
| 24:51 | Create | Mangudai |
| 24:51 | Create | Mangudai |
| 24:52 | Create | Mangudai |
| 24:52 | Create | Mangudai |
Build order — GronkisBeast
First 150 of 236 actions detected
| 0:59 | Build | Town Center |
| 3:03 | Create | Villager (Male) ×4 |
| 3:04 | Create | Villager (Male) ×4 |
| 3:58 | Build | House |
| 4:30 | Create | Villager (Male) |
| 4:30 | Create | Villager (Male) |
| 5:07 | Create | Villager (Male) |
| 5:21 | Build | House |
| 5:47 | Create | Villager (Male) |
| 6:02 | Build | Mill |
| 6:22 | Create | Villager (Male) |
| 6:36 | Create | Villager (Male) |
| 7:32 | Create | Villager (Male) |
| 7:59 | Research | Loom |
| 8:26 | Create | Villager (Male) |
| 8:26 | Create | Villager (Male) |
| 8:26 | Create | Villager (Male) |
| 8:44 | Build | House |
| 9:29 | Create | Villager (Male) |
| 9:47 | Create | Villager (Male) |
| 9:47 | Create | Villager (Male) |
| 10:08 | Build | Farm |
| 10:35 | Build | Farm |
| 10:53 | Create | Villager (Male) |
| 10:54 | Create | Villager (Male) |
| 10:56 | Create | Villager (Male) |
| 10:59 | Build | Farm |
| 11:02 | Build | House |
| 11:33 | Build | Farm |
| 11:41 | Build | Mill |
| 11:48 | Create | Villager (Male) |
| 11:54 | Build | Farm |
| 12:26 | Build | Farm |
| 12:34 | Create | Villager (Male) |
| 12:59 | Create | Villager (Male) |
| 13:09 | Build | House |
| 13:12 | Build | House |
| 13:33 | Create | Villager (Male) |
| 14:23 | Create | Villager (Male) |
| 15:04 | Create | Villager (Male) |
| 15:35 | Build | Farm |
| 16:18 | Build | Lumber Camp |
| 16:37 | Research | Feudal Age |
| 16:55 | Build | Mining Camp |
| 17:21 | Build | Farm |
| 17:53 | Build | Farm |
| 17:54 | Build | Farm |
| 18:02 | Build | Farm |
| 18:11 | Build | Farm |
| 18:12 | Build | Farm |
| 18:47 | Age | Feudal Age |
| 18:50 | Build | Barracks |
| 19:15 | Build | Stable |
| 19:19 | Build | Blacksmith |
| 19:28 | Create | Villager (Male) |
| 19:29 | Create | Villager (Male) |
| 19:38 | Build | Farm |
| 19:46 | Research | Bloodlines |
| 19:58 | Research | Double-Bit Axe |
| 20:06 | Create | Militia |
| 20:06 | Create | Militia |
| 20:06 | Create | Militia |
| 20:14 | Build | Barracks |
| 20:19 | Research | Forging |
| 20:19 | Research | Scale Mail Armor |
| 20:53 | Research | Man-at-Arms (upgrade) |
| 21:07 | Build | Farm |
| 21:40 | Create | Militia |
| 21:40 | Create | Militia |
| 22:27 | Build | Mill |
| 23:02 | Create | Spearman ×5 |
| 23:02 | Create | Spearman ×5 |
| 25:20 | Build | Lumber Camp |
| 25:32 | Research | Wheelbarrow |
| 25:53 | Build | Dock |
| 25:57 | Build | Dock |
| 26:01 | Build | Dock |
| 26:09 | Build | Outpost |
| 26:31 | Build | Mill |
| 26:47 | Research | Tech 906 |
| 26:52 | Create | Fishing Ship |
| 26:52 | Create | Fishing Ship |
| 26:52 | Create | Fishing Ship |
| 26:58 | Create | Fishing Ship |
| 26:58 | Create | Fishing Ship |
| 27:21 | Build | House |
| 27:22 | Build | House |
| 27:23 | Build | House |
| 27:24 | Build | House |
| 27:28 | Create | Fishing Ship |
| 27:29 | Create | Fishing Ship |
| 27:29 | Create | Fishing Ship |
| 27:40 | Build | Mining Camp |
| 28:11 | Create | Fishing Ship |
| 28:11 | Create | Fishing Ship |
| 28:11 | Create | Fishing Ship |
| 28:19 | Build | House |
| 28:22 | Build | House |
| 28:43 | Build | Mill |
| 30:38 | Build | Mill |
| 31:35 | Build | Town Center |
| 32:21 | Create | Fishing Ship |
| 32:21 | Create | Fishing Ship |
| 32:21 | Create | Fishing Ship |
| 32:38 | Build | House |
| 32:40 | Build | House |
| 32:41 | Build | House |
| 32:43 | Build | House |
| 32:44 | Build | House |
| 32:52 | Research | Castle Age |
| 33:27 | Create | Fishing Ship |
| 33:27 | Create | Fishing Ship |
| 33:27 | Create | Fishing Ship |
| 33:28 | Create | Fishing Ship |
| 33:28 | Create | Fishing Ship |
| 33:29 | Create | Fishing Ship |
| 33:51 | Research | Scale Barding Armor |
| 33:52 | Research | Padded Archer Armor |
| 33:52 | Research | Fletching |
| 34:23 | Build | Stone Wall |
| 35:32 | Age | Castle Age |
| 35:34 | Research | Gillnets |
| 35:37 | Research | Hand Cart |
| 36:05 | Research | Stone Mining |
| 36:12 | Research | Chain Barding Armor |
| 36:13 | Research | Iron Casting |
| 36:17 | Research | Husbandry |
| 36:31 | Build | House |
| 36:34 | Build | House |
| 36:35 | Build | House |
| 36:36 | Build | House |
| 37:08 | Create | Knight ×3 |
| 37:16 | Build | Town Center |
| 37:24 | Create | Villager (Male) ×5 |
| 38:01 | Build | House |
| 38:20 | Create | Villager (Male) ×5 |
| 38:20 | Create | Villager (Male) ×5 |
| 38:23 | Create | Villager (Male) ×3 |
| 38:37 | Build | Dock |
| 38:42 | Build | Dock |
| 38:57 | Build | Farm |
| 39:00 | Build | Farm |
| 39:08 | Build | Farm |
| 39:17 | Build | House |
| 39:42 | Create | Fishing Ship |
| 39:46 | Create | Fishing Ship |
| 39:53 | Build | Farm |
| 39:58 | Build | Farm |
| 40:15 | Research | Gold Mining |
| 40:22 | Build | House |
Match timeline
| 0:38 | CL.Capitán Haddock · first_building Dock |
| 0:44 | CL.Capitán Haddock · wall_segment Palisade Wall x1 |
| 1:39 | Mateusz · first_building Dock |
| 5:38 | CL.CuatreroDelAGE · first_building Dock |
| 6:57 | mgusman54 · first_building Dock |
| 8:46 | joshaugusta6 · first_building Dock |
| 10:03 | CL.Capitán Haddock · wall_segment Palisade Wall x1 |
| 11:31 | CL.Capitán Haddock · wall_segment Palisade Wall x10 |
| 11:37 | CL.Capitán Haddock · wall_segment Palisade Wall x3 |
| 12:34 | CL.Capitán Haddock · wall_segment Palisade Wall x1 |
| 12:45 | CL.Capitán Haddock · wall_segment Palisade Wall x9 |
| 13:20 | Mateusz · age_up feudal |
| 14:18 | CL.Capitán Haddock · wall_segment Palisade Wall x8 |
| 14:22 | CL.Capitán Haddock · wall_segment Palisade Wall x1 |
| 14:23 | CL.Capitán Haddock · wall_segment Palisade Wall x1 |
| 14:23 | CL.Capitán Haddock · wall_segment Palisade Wall x1 |
| 14:38 | joshaugusta6 · wall_segment Palisade Wall x3 |
| 14:50 | joshaugusta6 · wall_segment Palisade Wall x4 |
| 15:02 | CL.Capitán Haddock · age_up feudal |
| 15:08 | Mateusz · wall_segment Palisade Wall x7 |
| 15:17 | Mateusz · wall_segment Palisade Wall x1 |
| 15:41 | CL.Capitán Haddock · wall_segment Palisade Wall x7 |
| 15:41 | Mateusz · first_building Barracks |
| 16:01 | CL.CuatreroDelAGE · age_up feudal |
| 16:24 | Mateusz · first_building Stable |
| 16:50 | mgusman54 · age_up feudal |
| 17:19 | joshaugusta6 · first_building Barracks |
| 17:21 | Mateusz · age_up castle |
| 17:36 | mgusman54 · first_building Barracks |
| 17:53 | CL.Capitán Haddock · wall_segment Stone Wall x1 |
| 18:09 | joshaugusta6 · age_up feudal |
| 18:14 | CL.CuatreroDelAGE · wall_segment Stone Wall x2 |
| 18:19 | joshaugusta6 · first_building Stable |
| 18:42 | CL.Capitán Haddock · wall_segment Stone Wall x1 |
| 18:44 | mgusman54 · first_building Stable |
| 18:45 | CL.Capitán Haddock · wall_segment Stone Wall x1 |
| 18:47 | GronkisBeast · age_up feudal |
| 18:47 | CL.Capitán Haddock · wall_segment Stone Wall x1 |
| 18:49 | CL.Capitán Haddock · wall_segment Stone Wall x1 |
| 18:50 | GronkisBeast · first_building Barracks |
| 18:52 | CL.Capitán Haddock · wall_segment Stone Wall x1 |
| 18:56 | CL.Capitán Haddock · wall_segment Stone Wall x1 |
| 18:59 | CL.Capitán Haddock · wall_segment Stone Wall x1 |
| 19:15 | GronkisBeast · first_building Stable |
| 20:12 | CL.Capitán Haddock · wall_segment Stone Wall x1 |
| 20:12 | CL.CuatreroDelAGE · wall_segment Stone Wall x10 |
| 20:50 | mgusman54 · first_building Archery Range |
| 21:10 | CL.Capitán Haddock · wall_segment Stone Wall x1 |
| 21:16 | CL.Capitán Haddock · wall_segment Stone Wall x1 |
| 21:21 | CL.Capitán Haddock · wall_segment Stone Wall x1 |
| 21:21 | CL.CuatreroDelAGE · wall_segment Stone Wall x13 |
| 21:23 | CL.Capitán Haddock · wall_segment Stone Wall x1 |
| 22:01 | CL.CuatreroDelAGE · wall_segment Stone Wall x4 |
| 22:12 | CL.CuatreroDelAGE · age_up castle |
| 22:12 | joshaugusta6 · age_up castle |
| 22:23 | CL.CuatreroDelAGE · first_market_buy 100 stone |
| 23:03 | mgusman54 · age_up castle |
| 23:25 | mgusman54 · first_building Castle |
| 23:33 | Mateusz · first_building Archery Range |
| 23:34 | CL.CuatreroDelAGE · first_building Castle |
| 23:36 | CL.Capitán Haddock · first_building Barracks |
| 24:34 | CL.Capitán Haddock · first_building Archery Range |
| 25:53 | GronkisBeast · first_building Dock |
| 26:16 | mgusman54 · first_building Monastery |
| 26:50 | CL.Capitán Haddock · age_up castle |
| 27:02 | Mateusz · first_building Monastery |
| 27:21 | CL.Capitán Haddock · first_building Castle |
| 28:36 | joshaugusta6 · first_building Siege Workshop |
| 28:38 | CL.Capitán Haddock · wall_segment Stone Wall x6 |
| 28:47 | CL.Capitán Haddock · wall_segment Stone Wall x16 |
| 30:26 | joshaugusta6 · first_building Castle |
| 31:01 | Mateusz · first_market_sell 100 wood |
| 31:04 | Mateusz · first_market_buy 100 food |
| 31:46 | CL.CuatreroDelAGE · first_market_sell 100 wood |
| 32:10 | mgusman54 · wall_segment Stone Wall x10 |
| 32:48 | CL.Capitán Haddock · first_market_buy 100 stone |
| 32:52 | mgusman54 · first_building Siege Workshop |
| 33:04 | joshaugusta6 · first_building Archery Range |
| 34:00 | mgusman54 · wall_segment Stone Wall x15 |
| 34:02 | Mateusz · age_up imperial |
| 34:23 | GronkisBeast · wall_segment Stone Wall x13 |
| 34:28 | Mateusz · first_building Castle |
| 35:32 | GronkisBeast · age_up castle |
| 35:49 | joshaugusta6 · age_up imperial |
| 36:20 | CL.Capitán Haddock · wall_segment Stone Wall x9 |
| 36:34 | CL.Capitán Haddock · wall_segment Stone Wall x1 |
| 36:36 | CL.Capitán Haddock · wall_segment Stone Wall x1 |
| 36:38 | CL.Capitán Haddock · wall_segment Stone Wall x1 |
| 36:40 | CL.Capitán Haddock · wall_segment Stone Wall x1 |
| 36:41 | CL.Capitán Haddock · wall_segment Stone Wall x1 |
| 37:07 | CL.CuatreroDelAGE · first_building Siege Workshop |
| 38:10 | CL.CuatreroDelAGE · age_up imperial |
| 38:28 | CL.Capitán Haddock · first_building Siege Workshop |
| 38:53 | CL.Capitán Haddock · age_up imperial |
| 39:00 | joshaugusta6 · wall_segment Stone Wall x12 |
| 39:13 | mgusman54 · wall_segment Stone Wall x22 |
| 41:52 | GronkisBeast · first_building Castle |
| 44:27 | GronkisBeast · first_building Archery Range |
| 46:52 | mgusman54 · age_up imperial |
| 51:41 | GronkisBeast · age_up imperial |
| 51:48 | CL.CuatreroDelAGE · first_building Barracks |
| 54:13 | CL.CuatreroDelAGE · first_building Archery Range |
| 54:58 | GronkisBeast · first_building Siege Workshop |
| 62:49 | GronkisBeast · first_market_sell 100 food |
| 63:47 | CL.Capitán Haddock · resign |
[ AI ANALYSIS · 1 CREDIT ]
What really happened in this match?
Wolo.gg analyzes every decision: build order, eco, micro, common mistakes by bracket. Personalized analysis on WhatsApp or Discord in 30 seconds.
Civ guide
Italians
Perfil
Jugador #8869534